 Dungeon Crawl Stone Soup version 0.31-a0-1-g4198be8af4 (webtiles) character file.

Game seed: 7978900358516218317

651 SkeletonJelly the Gusty (level 7, -1/36 HPs)
             Began as a Deep Elf Air Elementalist on May 2, 2023.
             Slain by a black bear (5 damage)
             ... on level 5 of the Dungeon.
             The game lasted 00:06:14 (4652 turns).

SkeletonJelly the Gusty (Deep Elf Air Elementalist) Turns: 4652, Time: 00:06:14

Health: -1/36      AC:  2    Str:  5    XL:     7   Next: 28%
Magic:  5/17       EV: 13    Int: 22    God:
Gold:   188        SH:  0    Dex: 21    Spells: 6/16 levels left

rFire   . . .        (no weapon)
rCold   . . .        (no shield)
rNeg    . . .        a - +0 robe
rPois   .            (no helmet)
rElec   .            (no cloak)
rCorr   .            (no gloves)
SInv    .            (no boots)
Will    .....        (no amulet)
Stlth   ++           v - +6 ring of dexterity
HPRegen 0.26/turn    p - ring of wizardry
MPRegen 0.15/turn

%: wizardry (x1)
@: no status effects
A: no striking features
a: no special abilities


You were on level 5 of the Dungeon.
You visited 1 branch of the dungeon, and saw 5 of its levels.

You collected 188 gold pieces.

Inventory:

Missiles
 n - 4 javelins
 t - 6 poisoned darts
Armour
 a - a +0 robe (worn)
Jewellery
 e - a ring of flight
 p - a ring of wizardry (right hand)
 v - a +6 ring of dexterity (left hand)
 w - a +6 ring of strength
Wands
 q - a wand of flame (6)
Scrolls
 d - 3 scrolls of teleportation {unknown}
 g - 3 scrolls of identify {unknown}
 k - a scroll of acquirement {unknown}
 l - a scroll of magic mapping {unknown}
 o - a scroll of immolation {unknown}
 s - a scroll of vulnerability {unknown}
 u - a scroll of blinking {unknown}
Potions
 b - a potion of magic
 c - a potion of might {unknown}
 f - a potion of berserk rage {unknown}
 h - a potion of haste {unknown}
 i - a potion of invisibility {unknown}
 j - a potion of heal wounds {unknown}
 m - a potion of resistance {unknown}
 r - 4 potions of curing


   Skills:
 - Level 2.4 Dodging
 - Level 2.4 Stealth
 + Level 5.4 Spellcasting
 - Level 3.2 Conjurations
 * Level 7.2 Air Magic


You had 6 spell levels left.
You knew the following spells:

 Your Spells              Type           Power      Damage    Failure   Level
a - Shock                 Conj/Air       100%       1d9       1%          1
s - Static Discharge      Conj/Air       56%        2-5/arc   1%          2
x - Airstrike             Air            18%        2d(3-19)  1%          4
S - Swiftness             Air            37%        N/A       1%          3

Your spell library contained the following spells:

 Spells                   Type           Power      Damage    Failure   Level
 Poisonous Vapours        Pois/Air       42%        N/A       1%          2
 Momentum Strike          Conj/Tloc      26%        3d8       3%          2
 Apportation              Tloc           10%        N/A       4%          1
 Necrotise                Necr           20%        1d5       4%          1
 Sting                    Tmut/Pois      20%        1d4       4%          1
 Summon Small Mammal      Summ           20%        N/A       4%          1
 Blink                    Tloc           10%        N/A       6%          2
 Lesser Beckoning         Tloc           10%        N/A       6%          2
 Gell's Gravitas          Tloc           5%         N/A       12%         3
 Teleport Other           Tloc           5%         N/A       12%         3
 Olgreb's Toxic Radiance  Pois           5%         N/A       34%         4


Dungeon Overview and Level Annotations

Branches:
Dungeon (5/15)
 Temple: D:4-7

Altars:
Cheibriados
Vehumet


Message History

Magic restored.
You see here an adder corpse.
Found a stone staircase leading down.
MP restored: 16
There is a stone staircase leading down here.
w - a +6 ring of strength
Found a leather armour.
r - 4 potions of curing (gained 1)
You open the door. You open the door.
There is an open door here.
An iguana is nearby!
The zap hits the iguana.
The iguana is heavily wounded.
The iguana hisses angrily.
You now have 15/16 mp.
The zap hits the iguana but does no damage.
The iguana is heavily wounded.
The iguana bites you!
You take 8 damage, and have 28/36 hp.
MASSIVE DAMAGE!!
You now have 14/16 mp.
The zap misses the iguana.
The iguana barely misses you.
You now have 13/16 mp.
Casting: Shock (safe; 1% risk of failure)
Confirm with . or Enter, or press ? or * to list all spells.
The iguana is struck by an arc of lightning.
The iguana is severely wounded.
You are struck by an arc of lightning.
The iguana is struck by an arc of lightning.
You kill the iguana!
You are struck by an arc of lightning.
The lightning grounds out.
You take 1 damage, and have 27/36 hp.
You now have 11/17 mp.
HP restored.
Found a stone staircase leading down.
You see here 6 boomerangs.
Health restored: 36; MP restored: 17
Okay, then.
There is a stone staircase leading down here.
A black bear comes into view.
The black bear moves out of view.
An adder comes into view.
The adder hisses angrily.
The zap hits the adder!
The adder is almost dead.
You now have 16/17 mp.
The zap hits the adder.
You kill the adder!
You now have 15/17 mp.
A black bear is nearby!
The zap hits the black bear.
The black bear is moderately wounded.
The black bear growls angrily.
You now have 14/17 mp.
Casting: Shock (safe; 1% risk of failure)
Confirm with . or Enter, or press ? or * to list all spells.
The black bear is struck by an arc of lightning.
The black bear is moderately wounded.
You are struck by an arc of lightning.
The lightning grounds out.
The black bear misses you. The black bear claws you. x2
You take 6 damage, and have 30/36 hp.
You now have 12/17 mp.
Casting: Static Discharge (safe; 1% risk of failure)
Confirm with . or Enter, or press ? or * to list all spells.
The black bear is struck by an arc of lightning!
The black bear is heavily wounded.
You are struck by an arc of lightning.
The black bear is struck by an arc of lightning.
The black bear is heavily wounded.
You are struck by an arc of lightning.
The lightning grounds out.
The black bear bites you. The black bear closely misses you. x2
You take 13 damage, and have 17/36 hp.
MASSIVE DAMAGE!!
You now have 10/17 mp.
Casting: Static Discharge (safe; 1% risk of failure)
Confirm with . or Enter, or press ? or * to list all spells.
The black bear is struck by an arc of lightning.
The black bear is severely wounded.
You are struck by an arc of lightning.
The lightning grounds out.
The black bear bites you. The black bear closely misses you. x2
You take 1 damage, and have 16/36 hp.
You now have 9/17 mp.
You are too injured to fight recklessly!
Casting: Static Discharge (safe; 1% risk of failure)
Confirm with . or Enter, or press ? or * to list all spells.
The black bear is struck by an arc of lightning.
The black bear is severely wounded.
You are struck by an arc of lightning.
The black bear is struck by an arc of lightning.
The black bear is almost dead.
You are struck by an arc of lightning.
The lightning grounds out.
The black bear goes berserk!
You take 4 damage, and have 12/36 hp.
You now have 7/17 mp.
Casting: Static Discharge (safe; 1% risk of failure)
Confirm with . or Enter, or press ? or * to list all spells.
The black bear is struck by an arc of lightning.
The black bear is almost dead.
You are struck by an arc of lightning.
* * * LOW HITPOINT WARNING * * *
The lightning grounds out.
The black bear closely misses you. The black bear claws you.
* * * LOW HITPOINT WARNING * * *
The black bear claws you.
* * * LOW HITPOINT WARNING * * *
The black bear closely misses you. The black bear claws you.
You die...

#..####.##.# #.....(...#
####### #<.##.†####
#...... #...#.## #.#####
#...#.# #.#
#...#.#############.# ###
#....>..............# #.#
#..######...........###.#
#......h@...............#
........##.######.##.###.#
#. ..... #.# #.##.# #.# .
.... #.# #.<#.# #.# ...
#.# #.##.# #.# .. #.#
#.##.# #.# # #.# #.##.#
#.# .# #.##.# #.# #.##.#
#.#


You could see a black bear (berserk).

Vanquished Creatures
  Grinder (D:4)
  Sigmund (D:3)
  An ogre (D:2)
  An orc priest (D:4)
  An iguana (D:5)
  8 adders
  2 worms
  3 dart slugs (D:3)
  4 orcs
  8 bats
  13 endoplasms
  8 goblins
  5 hobgoblins
  2 jackals (D:1)
  3 quokkas
  3 ball pythons
  2 frilled lizards
  8 kobolds
  5 rats
79 creatures vanquished.

Notes
Turn   | Place    | Note
-------+----------+-------------------------------------------
     0 | D:1      | SkeletonJelly the Deep Elf Air Elementalist began the quest
                  | for the Orb.
     0 | D:1      | Reached XP level 1. HP: 10/10 MP: 6/6
   233 | D:1      | Reached XP level 2. HP: 15/15 MP: 2/8
   974 | D:1      | Reached XP level 3. HP: 19/19 MP: 5/9
  1037 | D:1      | Learned a level 2 spell: Static Discharge
  1132 | D:2      | Found a radiant altar of Vehumet.
  1427 | D:2      | Reached skill level 4 in Air Magic
  1535 | D:2      | Noticed an ogre
  1541 | D:2      | Killed an ogre
  1542 | D:2      | Reached XP level 4. HP: 24/24 MP: 3/10
  1698 | D:2      | Reached skill level 5 in Air Magic
  2045 | D:3      | Reached XP level 5. HP: 25/28 MP: 6/11
  2745 | D:3      | Noticed Sigmund
  2751 | D:3      | Killed Sigmund
  2752 | D:3      | Reached skill level 6 in Air Magic
  2752 | D:3      | Reached XP level 6. HP: 32/32 MP: 5/14
  2880 | D:3      | Found a snail-covered altar of Cheibriados.
  3870 | D:4      | Noticed Grinder
  3878 | D:4      | Killed Grinder
  3879 | D:4      | Reached skill level 5 in Spellcasting
  3879 | D:4      | Reached skill level 7 in Air Magic
  3879 | D:4      | Reached XP level 7. HP: 36/36 MP: 7/16
  4073 | D:4      | Learned a level 3 spell: Swiftness
  4078 | D:4      | Learned a level 4 spell: Airstrike
  4417 | D:5      | Entered Level 5 of the Dungeon
  4652 | D:5      | Slain by a black bear

Illustrated notes

Levels and vault maps discovered:
D:1:      dpeg_arrival_arbitrary_b, layout_basic
D:2:      layout_basic, basic_altar
D:3:      layout_basic, cheibrodos_worm_habitat,
          nicolae_concentric_dashed_squares_mild, nicolae_titane, uniq_sigmund
D:4:      layout_basic, feat_on_display, uniq_grinder
D:5:      layout_basic, minmay_temple_entry_antechambers

Skill      XL: |  1  2  3  4  5  6 |
---------------+-------------------+-----
Conjurations   | 2 3 |  3.2
Air Magic      | 4 5 6 7 |  7.2
Spellcasting   | 4 5 |  5.4
Dodging        | |  2.4
Stealth        | |  2.4

Action                     |  1- 3 |  4- 6 |  7- 9 || total
---------------------------+-------+-------+-------++-------
   Cast: Shock             |    73 |    84 |    15 ||   172
         Static Discharge  |       |     4 |     6 ||    10
 Armour: Robe              |     4 |     3 |       ||     7
  Dodge: Dodged            |    21 |     2 |    11 ||    34

Table legend: (Time is in decaauts)
 A = Elapsed time spent in this place.
 B = Non-inter-level travel time spent in this place.
 C = Inter-level travel time spent in this place.
 D = Time resting spent in this place.
 E = Time spent auto-exploring this place.
 F = Levels seen in this place.
 G = Mean time per level.
                   A        B        C        D        E       F      G
               +--------+--------+--------+--------+--------+-----+--------+
         Total |   4649 |   4502 |    147 |      0 |   4125 |   5 |  929.8 |
       Dungeon |   4649 |   4502 |    147 |      0 |   4125 |   5 |  929.8 |
               +--------+--------+--------+--------+--------+-----+--------+

Top non-repeatable levels by time:
     D:3: 1480 daAuts
     D:1: 1093 daAuts
     D:2: 940 daAuts
     D:4: 929 daAuts
     D:5: 205 daAuts
